 Dungeon Crawl Stone Soup version 0.23.0-3-gf3c87f2 (webtiles) character file.

Game seed: 15335350982029852849

2012 Borgoz the Cutter (level 9, -7/73 HPs)
             Began as a Ghoul Enchanter on Feb 24, 2019.
             Was an Initiate of Ashenzari.
             Splashed by Pikel's acid (14 damage)
             ... on level 6 of the Dungeon.
             The game lasted 00:17:27 (7606 turns).

Borgoz the Cutter (Ghoul Enchanter)                 Turns: 7606, Time: 00:17:28

Health: -7/73      AC:  5    Str: 12      XL:     9   Next: 22%
Magic:  12/12      EV: 13    Int: 10      God:    Ashenzari [......]
Gold:   174        SH:  0    Dex: 11 (12) Spells: 9/14 levels left

rFire    . . .     SeeInvis .   c - +1 dagger (venom)
rCold    + + .     Gourm    .   (no shield)
rNeg     + + +     Faith    .   n - +1 leather armour {rC+}
rPois    ∞         Spirit   .   (no helmet)
rElec    .         Reflect  .   l - +0 cloak
rCorr    .         Harm     .   (no gloves)
MR       .....                  (no boots)
Stlth    +++.......             (no amulet)
HPRegen  0.00/turn              i - ring of flight
MPRegen  0.13/turn              (no ring)

@: rotting
A: rotting body, claws 1, carnivore, cold resistance 1, negative energy
resistance 3, inhibited regeneration, torment resistance, unbreathing
a: Curse Item, Renounce Religion, Evoke Flight


You were on level 6 of the Dungeon.
You worshipped Ashenzari.
Ashenzari was noncommittal.
You were not hungry.

You visited 2 branches of the dungeon, and saw 8 of its levels.

You collected 174 gold pieces.

Inventory:

Hand Weapons
 c - a +1 dagger of venom (weapon)
 e - a +2 dagger of flaming
Missiles
 s - 15 poisoned needles
Armour
 l - a +0 cloak (worn)
 n - a +1 leather armour of cold resistance (worn)
 u - a +0 robe of the Archmagi
 v - a +3 ring mail of cold resistance
Jewellery
 i - a ring of flight (left claw)
 t - an uncursed amulet of magic regeneration
Wands
 o - a wand of scattershot (2)
Scrolls
 a - 2 scrolls of blinking
 f - a scroll of amnesia
 j - a scroll of magic mapping
 k - 4 scrolls of teleportation
 q - a scroll of immolation {unknown}
Potions
 b - 2 potions of curing
 g - 2 potions of invisibility
 h - a potion of heal wounds
 m - a potion of lignification {unknown}
 r - 2 potions of haste {unknown}
Comestibles
 d - 16 rations
 p - 3 chunks of flesh


   Skills:
 + Level 4.8 Fighting
 + Level 5.2 Short Blades
 + Level 5.1 Armour
 + Level 4.7 Dodging
 + Level 5.1 Stealth
 + Level 3.0 Spellcasting
 + Level 3.3 Hexes


You had 9 spell levels left.
You knew the following spells:

 Your Spells              Type           Power        Failure   Level  Hunger
a - Confuse               Hex            #.......     28%         3    ###....
b - Ensorcelled Hibernat  Hex/Ice        #.....       28%         2    ###....

Your spell library contained the following spells:

 Spells                   Type           Power        Failure   Level  Hunger
 Corona                   Hex            #......      10%         1    #......
 Slow                     Hex            #.......     14%         2    ###....
 Tukima's Dance           Hex            #.......     28%         3    ###....
 Magic Dart               Conj           #...         34%         1    #......
 Blink                    Tloc           N/A          47%         2    ###....
 Call Imp                 Summ           #.......     47%         2    ###....
 Dazzling Spray           Conj/Hex       #.....       50%         3    ###....
 Conjure Flame            Conj/Fire      #.......     71%         3    ###....
 Mephitic Cloud           Conj/Pois/Air  #.......     71%         3    ###....


Dungeon Overview and Level Annotations

Branches:
Dungeon (7/15)             Temple (1/1) D:6

Altars:
Ashenzari
Cheibriados
Dithmenos
Elyvilon
Fedhas
Gozag
Hepliaklqana
Kikubaaqudgha
Makhleb
Nemelex Xobeh
Okawaru
Qazlal
Ru
Sif Muna
Trog
Uskayaw
Vehumet
Wu Jian
Xom
Yredelemnul
Zin
The Shining One

Annotations:
D:6 Pikel


Innate Abilities, Weirdness & Mutations

Your body is rotting away.
You thrive on raw meat.
You are immune to poison.
You have sharp fingernails.
You are carnivorous and can eat meat at any time.
Your flesh is cold resistant. (rC+)
You are immune to negative energy. (rN+++)
You do not regenerate when monsters are visible.
You are immune to unholy pain and torment.
You can survive without breathing.


Message History

The slave hits you.
You barely miss the slave.
The slave is heavily wounded.
The slave hits you.
You hit the slave but do no damage.
The slave looks as sick as possible!
The slave is severely wounded.
You hit the slave but do no damage.
The slave is severely wounded.
The slave hits you!
Eat one of 4 chunks of flesh? (ye/n/q)
You eat one of the 4 chunks of flesh.
This raw flesh tastes great!
The slave barely misses you.
Pikel hits you with a +2 whip of freezing.
Pikel freezes you.
You kill the slave!
That felt strangely unrewarding.
Pikel zaps a wand.
The bolt of acid hits you!!
* * * LOW HITPOINT WARNING * * *
You are splashed with acid!
You die...

. #.p# ####........ ..
#.K####...$....... .###
#......##!.....#. ..#
###....##........ #.#
##p.##......./...
###.###[.#####.........
##.....pK....##.........
##...)...........^.......
#.......@......#....o((..
#........................
#..............#.........
#......>.......#..Z......
#.........<....#........$
##............##....%....
##..........##
############


You could see Pikel and 2 slaves.

Vanquished Creatures
  Eustachio (D:6)
  A water moccasin (D:7)
  Duvessa (D:7)
  An orc warrior (D:5)
  2 slaves (D:6)
  An ice beast (D:7)
  2 ogres (D:5)
  5 bullfrogs
  Dowan (D:7)
  4 crimson imps
  A bullfrog zombie (D:5)
  2 bullfrog skeletons
  A hound (D:5)
  8 orc wizards
  3 orc priests
  An iguana (D:4)
  4 worker ants
  2 hound skeletons (D:4)
  10 adders
  A shadow imp (D:5)
  2 oozes
  2 worms
  4 dart slugs
  4 leopard geckos
  13 orcs
  6 giant cockroaches
  9 goblins
  9 hobgoblins
  10 jackals
  2 quokkas
  A ball python (D:2)
  5 bats
  3 frilled lizards
  7 kobolds
  16 rats
145 creatures vanquished.

Vanquished Creatures (others)
  An orc (D:3)
1 creature vanquished.

Grand Total: 146 creatures vanquished

Notes
Turn   | Place    | Note
-------+----------+-------------------------------------------
     0 | D:1      | Borgoz the Ghoul Enchanter began the quest for the Orb.
     0 | D:1      | Reached XP level 1. HP: 14/14 MP: 2/2
    89 | D:1      | Reached skill level 1 in Short Blades
   204 | D:1      | Reached XP level 2. HP: 14/22 MP: 3/3
   259 | D:1      | Learned a level 2 spell: Ensorcelled Hibernation
   382 | D:1      | Reached skill level 1 in Fighting
   696 | D:1      | Reached XP level 3. HP: 21/28 MP: 4/4
  1466 | D:2      | Reached XP level 4. HP: 35/35 MP: 5/5
  2608 | D:3      | Reached XP level 5. HP: 17/41 MP: 4/7
  2920 | D:4      | Found an ornate altar of the Wu Jian Council.
  3109 | D:4      | Learned a level 3 spell: Confuse
  3309 | D:4      | Reached XP level 6. HP: 37/48 MP: 8/8
  3356 | D:5      | Entered Level 5 of the Dungeon
  4119 | D:6      | Noticed an orc warrior
  4398 | D:5      | Reached XP level 7. HP: 39/56 MP: 6/10
  4408 | D:5      | Found a burning altar of Makhleb.
  4511 | D:5      | Reached skill level 1 in Armour
  4511 | D:5      | Reached skill level 5 in Stealth
  5657 | D:5      | Reached XP level 8. HP: 18/63 MP: 11/11
  5896 | D:6      | Found a staircase to the Ecumenical Temple.
  5918 | Temple   | Entered the Ecumenical Temple
  6157 | Temple   | Became a worshipper of Ashenzari the Shackled
  7281 | D:7      | Reached XP level 9. HP: 67/72 MP: 12/12
  7338 | D:7      | Noticed Duvessa
  7338 | D:7      | Noticed Dowan
  7355 | D:7      | Killed Duvessa
  7355 | D:7      | Reached skill level 5 in Short Blades
  7375 | D:7      | Killed Dowan
  7375 | D:7      | Reached skill level 5 in Armour
  7496 | D:6      | Noticed Eustachio
  7525 | D:6      | Killed Eustachio
  7579 | D:6      | Noticed Pikel
  7606 | D:6      | Splashed by Pikel's acid

Skill      XL: |  1  2  3  4  5  6  7  8  9 |
---------------+----------------------------+-----
Short Blades   | 1 2 3 4 5 |  5.2
Dodging        | 2 3 4 |  4.7
Fighting       | 1 2 3 4 |  4.8
Spellcasting   | 2 3 |  3.0
Stealth        | 4 5 |  5.1
Hexes          | 3 |  3.3
Armour         | 2 4 5 |  5.1

Action                   |  1- 3 |  4- 6 |  7- 9 || total
-------------------------+-------+-------+-------++-------
Melee: Dagger            |   145 |   277 |   282 ||   704
 Cast: Corona            |     4 |       |       ||     4
       Ensorcelled Hiber |     3 |    11 |       ||    14
       Confuse           |       |       |     1 ||     1
Evoke: Wand              |       |     1 |     2 ||     3
  Use: Potion            |       |     1 |     2 ||     3
       Scroll            |       |    11 |     1 ||    12
 Stab: Sleeping          |     9 |    15 |       ||    24
       Invisible         |       |     2 |       ||     2
       Confused          |       |       |     1 ||     1
  Eat: Chunk             |    12 |    20 |    28 ||    60
Armor: Robe              |    15 |    14 |       ||    29
       Leather armour    |       |    44 |    71 ||   115
Dodge: Dodged            |    79 |   173 |   193 ||   445
